 Dungeon Crawl Stone Soup version 0.28-a0-620-g539b0f7ac7 (webtiles) character file.

Game seed: 7925500318640512135

173 Rennog the Grave Robber (level 5, -2/37 HPs)
             Began as a Gnoll Necromancer on Oct 6, 2021.
             Killed by divine providence
             ... invoked by an orc priest
              (16 damage)
             ... on level 4 of the Dungeon.
             The game lasted 00:03:30 (4553 turns).

Rennog the Grave Robber (Gnoll Necromancer)         Turns: 4553, Time: 00:03:30

Health: -2/37      AC:  3    Str:  9    XL:     5   Next: 53%
Magic:  0/12       EV: 13    Int: 14    God:
Gold:   161        SH:  0    Dex: 12    Spells: 10/14 levels left

rFire   . . .      SeeInvis .   c - +6 short sword
rCold   . . .      Faith    .   (no shield)
rNeg    . . .      Spirit   .   a - +0 robe
rPois   .          Reflect  .   (no helmet)
rElec   .          Harm     .   (no cloak)
rCorr   .          Rampage  .   f - +0 pair of gloves
Will    .....                   (no boots)
Stlth   +++.......              (no amulet)
HPRegen 0.12/turn               (no ring)
MPRegen 0.13/turn               (no ring)

@: no status effects
A: fangs 1, strong nose, distributed training
a: no special abilities


You were on level 4 of the Dungeon.
You visited 1 branch of the dungeon, and saw 4 of its levels.

You collected 161 gold pieces.

Inventory:

Hand Weapons
 c - a +6 short sword (weapon)
Armour
 a - a +0 robe (worn)
 f - a +0 pair of gloves (worn)
Wands
 j - a wand of flame (13)
Scrolls
 e - 3 scrolls of magic mapping {unknown}
 g - 3 scrolls of teleportation {unknown}
 h - a scroll of blinking {unknown}
 k - a scroll of amnesia {unknown}
 m - a scroll of identify {unknown}
 p - a scroll of immolation {unknown}
 q - 2 scrolls of noise {unknown}
 r - a scroll of enchant weapon {unknown}
Potions
 b - 5 potions of flight {unknown}
 d - a potion of berserk rage {unknown}
 i - a potion of heal wounds {unknown}
 l - 2 potions of degeneration {unknown}
 n - a potion of brilliance {unknown}
 o - a potion of curing {unknown}
 s - a potion of attraction {unknown}


   Skills:
 + Level 1.5 Fighting
 + Level 1.5 Short Blades
 + Level 1.5 Long Blades
 + Level 1.5 Axes
 + Level 1.5 Maces & Flails
 + Level 1.5 Polearms
 + Level 1.5 Staves
 + Level 1.5 Slings
 + Level 1.5 Bows
 + Level 1.5 Crossbows
 + Level 1.5 Throwing
 + Level 1.5 Armour
 + Level 4.8 Dodging
 + Level 4.4 Stealth
 + Level 1.5 Shields
 + Level 1.5 Unarmed Combat
 + Level 5.2 Spellcasting
 + Level 1.2 Conjurations
 + Level 1.2 Hexes
 + Level 1.2 Summonings
 + Level 7.2 Necromancy
 + Level 1.2 Translocations
 + Level 1.2 Transmutations
 + Level 1.2 Fire Magic
 + Level 1.2 Ice Magic
 + Level 1.2 Air Magic
 + Level 1.2 Earth Magic
 + Level 1.2 Poison Magic
 + Level 1.7 Invocations
 + Level 1.5 Evocations


You had 10 spell levels left.
You knew the following spells:

 Your Spells              Type           Power      Damage    Failure   Level
a - Pain                  Necr           92%        1d8       1%          1
b - Vampiric Draining     Necr           11%        2d7       2%          3

Your spell library contained the following spells:

 Spells                   Type           Power      Damage    Failure   Level
 Animate Skeleton         Necr           46%        N/A       1%          1
 Animate Dead             Necr           11%        N/A       9%          4
 Agony                    Necr           23%        N/A       24%         5


Dungeon Overview and Level Annotations

Branches:
Dungeon (4/15)
 Temple: D:4-7

Altars:

Annotations:
D:4 Blork the orc


Innate Abilities, Weirdness & Mutations

You have very sharp teeth.
Your uncanny sense of smell can sniff out nearby items.
Your experience applies equally to all skills.


Message History

Casting: Pain (safe; 1% risk of failure)
Confirm with . or Enter, or press ? or * to list all spells.
Aiming: Vampiric Draining (dangerous; 2% risk of failure)
Press: ? - help, Shift-Dir - straight line, f/p - orc priest
Aim: an orc priest, wielding a +0 flail and wearing a +0 chain mail You draw life force from the orc priest.
You feel life coursing into your body.
Casting: Vampiric Draining (dangerous; 2% risk of failure)
Confirm with . or Enter, or press ? or * to list all spells.
Aiming: Vampiric Draining (dangerous; 2% risk of failure)
Press: ? - help, Shift-Dir - straight line, f - orc, p - orc priest
Aim: an orc, wielding a +0 club You draw life force from the orc!
You feel life coursing into your body. The orc barely misses you.
The orc writhes in agony.
You kill the orc!
The orc priest hits you with a +0 flail.
Casting: Pain (safe; 1% risk of failure)
Confirm with . or Enter, or press ? or * to list all spells.
Aiming: Vampiric Draining (dangerous; 2% risk of failure)
Press: ? - help, Shift-Dir - straight line, f - orc priest
Aim: an orc priest, wielding a +0 flail and wearing a +0 chain mail (lightly wounded)
You draw life force from the orc priest.
You feel life coursing into your body.
The orc priest calls down the wrath of Beogh upon you.
Beogh smites you!
You are too injured to fight recklessly!
Casting: Vampiric Draining (dangerous; 2% risk of failure)
Confirm with . or Enter, or press ? or * to list all spells.
Aiming: Pain (safe; 1% risk of failure)
Press: ? - help, Shift-Dir - straight line, f/p - orc priest
Aim: an orc priest, wielding a +0 flail and wearing a +0 chain mail (lightly wounded, chance to affect: 83%)
The orc priest writhes in agony.
You are too injured to fight recklessly!
You hit the orc priest but do no damage.
Your bite misses the orc priest.
The orc priest is heavily wounded.
The orc priest calls down the wrath of Beogh upon you.
Beogh smites you!
You die...

### ..#.# #..
o# # ∆ #
##.###########
#....oo.......
######@.....#
#....'......#
##.###......+
#.# #......#
#.# #......#
#.# #......#
#.# ########
#.### #...#


You could see an orc priest and an orc.

Vanquished Creatures
  An orc priest (D:3)
  A hound (D:4)
  A centaur skeleton (D:4)
  An adder skeleton (D:2)
  3 worms
  A dart slug (D:3)
  11 orcs
  9 ball pythons
  An endoplasm (D:1)
  3 giant cockroaches
  6 goblins
  4 hobgoblins
  3 jackals (D:3)
  A quokka (D:4)
  2 bats
  A frilled lizard (D:2)
  7 kobolds
  3 rats
59 creatures vanquished.

Notes
Turn   | Place    | Note
-------+----------+-------------------------------------------
     0 | D:1      | Rennog the Gnoll Necromancer began the quest for the Orb.
     0 | D:1      | Reached XP level 1. HP: 13/13 MP: 6/6
   291 | D:1      | Reached XP level 2. HP: 2/19 MP: 1/7
   833 | D:1      | Found a faded altar of an unknown god.
  1676 | D:2      | Reached XP level 3. HP: 22/25 MP: 9/9
  1700 | D:2      | Reached skill level 5 in Spellcasting
  2485 | D:3      | Reached skill level 1 in Invocations
  2649 | D:3      | Learned a level 3 spell: Vampiric Draining
  2922 | D:3      | Reached skill level 1 in Fighting
  2922 | D:3      | Reached skill level 1 in Short Blades
  2922 | D:3      | Reached skill level 1 in Long Blades
  2922 | D:3      | Reached skill level 1 in Axes
  2922 | D:3      | Reached skill level 1 in Maces & Flails
  2922 | D:3      | Reached skill level 1 in Polearms
  2922 | D:3      | Reached skill level 1 in Staves
  2922 | D:3      | Reached skill level 1 in Slings
  2922 | D:3      | Reached skill level 1 in Bows
  2922 | D:3      | Reached skill level 1 in Crossbows
  2922 | D:3      | Reached skill level 1 in Throwing
  2922 | D:3      | Reached skill level 1 in Armour
  2922 | D:3      | Reached skill level 1 in Shields
  2922 | D:3      | Reached skill level 1 in Unarmed Combat
  2922 | D:3      | Reached skill level 1 in Evocations
  3130 | D:3      | Reached XP level 4. HP: 30/32 MP: 7/11
  3822 | D:4      | Noticed Blork the orc
  3882 | D:4      | Reached skill level 1 in Conjurations
  3882 | D:4      | Reached skill level 1 in Hexes
  3882 | D:4      | Reached skill level 1 in Summonings
  3882 | D:4      | Reached skill level 1 in Translocations
  3882 | D:4      | Reached skill level 1 in Transmutations
  3882 | D:4      | Reached skill level 1 in Fire Magic
  3882 | D:4      | Reached skill level 1 in Ice Magic
  3882 | D:4      | Reached skill level 1 in Air Magic
  3882 | D:4      | Reached skill level 1 in Earth Magic
  3882 | D:4      | Reached skill level 1 in Poison Magic
  4015 | D:4      | Reached XP level 5. HP: 28/37 MP: 12/12
  4553 | D:4      | Killed from afar by an orc priest

Illustrated notes

Levels and vault maps discovered:
D:1:      lightli_arrival_maybe_door_vault, layout_basic,
          dreamdust_ecumenical_altar_hidden_monk_grotto, minmay_small_reverse_x
D:2:      layout_basic, nrook_campfire
D:3:      layout_loops_corners
D:4:      layout_basic, uniq_blork_the_orc

Skill      XL: |  1  2  3  4 |
---------------+-------------+-----
Spellcasting   | 5 |  5.2
Invocations    | 1 |  1.7
Fighting       | 1 |  1.5
Short Blades   | 1 |  1.5
Long Blades    | 1 |  1.5
Axes           | 1 |  1.5
Maces & Flails | 1 |  1.5
Polearms       | 1 |  1.5
Staves         | 1 |  1.5
Slings         | 1 |  1.5
Bows           | 1 |  1.5
Crossbows      | 1 |  1.5
Throwing       | 1 |  1.5
Armour         | 1 |  1.5
Shields        | 1 |  1.5
Unarmed Combat | 1 |  1.5
Evocations     | 1 |  1.5
Conjurations   | 1 |  1.2
Hexes          | 1 |  1.2
Summonings     | 1 |  1.2
Translocations | 1 |  1.2
Transmutations | 1 |  1.2
Fire Magic     | 1 |  1.2
Ice Magic      | 1 |  1.2
Air Magic      | 1 |  1.2
Earth Magic    | 1 |  1.2
Poison Magic   | 1 |  1.2
Dodging        | |  4.8
Stealth        | |  4.4
Necromancy     | |  7.2

Action                   |  1- 3 |  4- 6 || total
-------------------------+-------+-------++-------
Melee: Unarmed           |     7 |       ||     7
       Short sword       |    59 |     8 ||    67
       Pseudopods        |     2 |     1 ||     3
 Cast: Pain              |    23 |    37 ||    60
       Vampiric Draining |       |     6 ||     6
 Stab: Sleeping          |     7 |     1 ||     8
Armor: Robe              |    16 |     4 ||    20
Dodge: Dodged            |    38 |    14 ||    52

Table legend: (Time is in decaauts)
 A = Elapsed time spent in this place.
 B = Non-inter-level travel time spent in this place.
 C = Inter-level travel time spent in this place.
 D = Time resting spent in this place.
 E = Time spent auto-exploring this place.
 F = Levels seen in this place.
 G = Mean time per level.
                   A        B        C        D        E       F      G
               +--------+--------+--------+--------+--------+-----+--------+
         Total |   4557 |   4424 |    133 |     78 |   3918 |   4 | 1139.2 |
       Dungeon |   4557 |   4424 |    133 |     78 |   3918 |   4 | 1139.2 |
               +--------+--------+--------+--------+--------+-----+--------+

Top non-repeatable levels by time:
     D:1: 1394 daAuts
     D:3: 1304 daAuts
     D:2: 1083 daAuts
     D:4: 775 daAuts
